 Dungeon Crawl Stone Soup version 0.21.1-1-g345015fe64 (webtiles) character file.

586 Lentor the Slasher (level 7, -5/63 HPs)
             Began as a Minotaur Berserker on June 20, 2018.
             Was a Believer of Trog.
             Killed by nerve-wracking pain
             ... invoked by an orc priest
              (8 damage)
             ... on level 4 of the Dungeon.
             The game lasted 00:04:41 (2828 turns).

Lentor the Slasher (Minotaur Berserker)             Turns: 2828, Time: 00:04:42

Health: -5/63      AC: 12    Str: 23    XL:     7   Next: 15%
Magic:  6/6        EV:  7    Int:  4    God:    Trog [**....]
Gold:   264        SH:  0    Dex: 10    Spells: 6/6 levels left

rFire    . . .     SeeInvis +   a - +0 falchion
rCold    . . .     Gourm    .   (no shield)
rNeg     . . .     Faith    .   p - +0 plate armour
rPois    .         Spirit   .   (helmet restricted)
rElec    .         Reflect  .   (no cloak)
rCorr    +         Harm     .   (no gloves)
MR       .....                  (no boots)
Stlth    ..........             (no amulet)
HPRegen  0.20/turn              f - ring of resist corrosion
MPRegen  0.10/turn              t - ring of see invisible

@: no status effects
A: retaliatory headbutt, horns 2
a: Berserk, Trog's Hand, Burn Spellbooks, Renounce Religion


You were on level 4 of the Dungeon.
You worshipped Trog.
Trog was pleased with you.
You were very hungry.

You visited 1 branch of the dungeon, and saw 4 of its levels.

You collected 264 gold pieces.

Inventory:

Hand Weapons
 a - a +0 falchion (weapon)
Armour
 p - a +0 plate armour (worn)
Jewellery
 f - a ring of resist corrosion (left hand)
 t - a ring of see invisible (right hand)
Wands
 r - a wand of random effects (21)
 v - a wand of iceblast (12)
Scrolls
 b - 2 scrolls of teleportation {unknown}
 e - 3 scrolls of remove curse {unknown}
 g - a scroll of enchant weapon {unknown}
 i - 2 scrolls of magic mapping {unknown}
 l - a scroll of enchant armour {unknown}
 m - 3 scrolls of identify {unknown}
 n - 3 scrolls of fog {unknown}
Potions
 d - 2 potions of brilliance {unknown}
 h - a potion of lignification {unknown}
 j - a potion of flight {unknown}
 k - 2 potions of magic {unknown}
 o - a potion of degeneration {unknown}
 q - 2 potions of agility {unknown}
 s - 3 potions of curing {unknown}
 u - a potion of cancellation {unknown}
 w - a potion of might {unknown}
Comestibles
 c - 10 rations


   Skills:
 + Level 6.2 Fighting
 + Level 6.6 Long Blades
 + Level 5.1 Armour
 + Level 3.0 Dodging
 + Level 0.5 Stealth


You had 6 spell levels left.
You didn't know any spells.

Dungeon Overview and Level Annotations

Branches:
Dungeon (4/15)
 Temple: D:4-7

Altars:
Ashenzari
Cheibriados
Elyvilon
Wu Jian
Xom


Innate Abilities, Weirdness & Mutations

You reflexively headbutt those who attack you in melee.
You have a pair of horns on your head.


Message History

* * * LOW HITPOINT WARNING * * *
The orc wizard hits you but does no damage.
Okay, then.
Okay, then.
You barely miss the orc wizard.
The orc wizard is moderately wounded.
The orc wizard barely misses you.
You closely miss the orc wizard. Your headbutt misses the orc wizard.
The orc wizard is moderately wounded.
The orc wizard hits you but does no damage.
The orc wizard barely misses you. You furiously retaliate!
You headbutt the orc wizard! You hit the orc wizard.
You kill the orc wizard!
Trog accepts your kill.
Trog appreciates your killing of a magic user.
You start resting.
The orc priest calls down the wrath of Beogh upon you.
Pain shoots through your body!
You die...

#.# ## ########### ..
###...>.....## .#
##............##.
#.............#.#
#........)...##.##........
#............#..#............
#............#.##............# #
#...........##@#.............#
###........)))#..#.............#
..#........).##o##.............#
.............#..#..............#
..#####....o..)................#
### ###.....##........(......# #
####..###..............# .. #..#
##.............# .... .(.#
###...........#


You could see an orc priest.

Vanquished Creatures
  Sigmund (D:3)
  An ogre (D:4)
  3 orc priests
  2 orc wizards (D:4)
  Ijyb (D:3)
  Jessica (D:3)
  8 adders
  An adder skeleton (D:3)
  A worm (D:2)
  2 dart slugs (D:1)
  2 leopard geckos
  12 orcs
  2 giant cockroaches
  4 goblins
  5 hobgoblins
  8 kobolds
  2 ball pythons
  A bat (D:1)
  4 frilled lizards
  6 rats
67 creatures vanquished.

Notes
Turn   | Place    | Note
-------+----------+-------------------------------------------
     0 | D:1      | Lentor the Minotaur Berserker began the quest for the Orb.
     0 | D:1      | Reached XP level 1. HP: 19/19 MP: 0/0
   120 | D:1      | Reached XP level 2. HP: 23/27 MP: 1/1
   885 | D:2      | Reached XP level 3. HP: 33/33 MP: 2/2
  1343 | D:2      | Found a blossoming altar of Fedhas.
  1345 | D:2      | Found a white marble altar of Elyvilon.
  1345 | D:2      | Found an ornate altar of the Wu Jian Council.
  1356 | D:2      | Found a snail-covered altar of Cheibriados.
  1356 | D:2      | Found a shimmering altar of Xom.
  1356 | D:2      | Found a shattered altar of Ashenzari.
  1500 | D:3      | Reached XP level 4. HP: 41/41 MP: 3/3
  1693 | D:3      | Noticed Sigmund
  1709 | D:3      | Killed Sigmund
  1709 | D:3      | Reached ** piety under Trog
  1709 | D:3      | Reached skill level 5 in Fighting
  1709 | D:3      | Reached skill level 5 in Long Blades
  1709 | D:3      | Reached XP level 5. HP: 45/48 MP: 4/4
  1846 | D:3      | Noticed Ijyb
  1855 | D:3      | Killed Ijyb
  1896 | D:3      | Reached XP level 6. HP: 56/56 MP: 5/5
  1952 | D:3      | Noticed Jessica
  1956 | D:3      | Killed Jessica
  2762 | D:4      | Reached skill level 5 in Armour
  2762 | D:4      | Reached XP level 7. HP: 14/63 MP: 6/6
  2819 | D:4      | HP: 1/63 [orc priest/divine providence (12)]
  2828 | D:4      | Killed from afar by an orc priest

Skill      XL: |  1  2  3  4  5  6 |
---------------+-------------------+-----
Long Blades    | 4 5 6 |  6.6
Fighting       | 4 5 6 |  6.2
Armour         | 3 4 5 |  5.1
Dodging        | 3 |  3.0
Stealth        | |  0.5

Action                   |  1- 3 |  4- 6 |  7- 9 || total
-------------------------+-------+-------+-------++-------
Melee: Falchion          |    53 |   123 |    10 ||   186
       Headbutt          |    12 |    19 |     1 ||    32
Invok: Berserk           |       |     1 |       ||     1
  Eat: Chunk             |       |     6 |       ||     6
Armor: Animal skin       |     3 |       |       ||     3
       Scale mail        |     5 |       |       ||     5
       Plate armour      |     5 |    82 |     5 ||    92
Dodge: Dodged            |    20 |    38 |     5 ||    63
       Rpst.: Falchion   |     5 |    10 |       ||    15
